 Dungeon Crawl Stone Soup version 0.31-a0-263-ge8cad7f (webtiles) character file.

Game seed: 632291331896880776

63 BingusPrime the Changeling (level 4, -2/30 HPs)
             Began as an Octopode Shapeshifter on July 13, 2023.
             Slain by a gnoll
             ... wielding a +0 flail
              (12 damage)
             ... on level 4 of the Dungeon.
             The game lasted 00:04:10 (1136 turns).

BingusPrime the Changeling (Octopode Shapeshifter)  Turns: 1136, Time: 00:04:11

Health: -2/30      AC:  1    Str: 14    XL:     4   Next: 9%
Magic:  4/4        EV: 13    Int: 10    God:
Gold:   124        SH:  0    Dex: 14    Spells: 3/3 levels left

rFire   . .          .
                       - Unarmed
rCold   . . .        (no shield)
rNeg    . . .        (helmet currently unavailable)
rPois   .            (no amulet)
rElec   .            i - ring of willpower
rCorr   .            (no ring)
SInv    .            (no ring)
Will    +....        (no ring)
Stlth   +++          (no ring)
HPRegen 0.25/turn    (no ring)
MPRegen 0.09/turn    (no ring)
                     (no ring)

%: no passive effects
@: beast-form
A: beast (slay +2), almost no armour, amphibious, 8 rings, camouflage 1,
gelatinous body 1, (nimble swimmer 1), tentacles
a: Begin Untransformation


You were on level 4 of the Dungeon.
You were a hulking beast.
You visited 1 branch of the dungeon, and saw 3 of its levels.

You collected 124 gold pieces.

Inventory:

Jewellery
 i - a ring of willpower (left tentacle)
Talismans
 b - a beast talisman
Scrolls
 c - a scroll of teleportation {unknown}
 d - 3 scrolls of immolation
 e - a scroll of butterflies {unknown}
 g - 2 scrolls of poison {unknown}
 h - a scroll of identify {unknown}
Potions
 a - a potion of haste {unknown}
 f - a potion of might {unknown}


   Skills:
 + Level 2.4 Fighting
 + Level 2.3 Dodging
 * Level 2.3 Stealth
 * Level 2.8 Unarmed Combat
 * Level 3.3 Shapeshifting


You had 3 spell levels left.
You didn't know any spells.
Your spell library contained the following spells:

 Spells                   Type           Power      Damage    Failure   Level
 Inner Flame              Hex/Fire       0%         N/A       75%         3
 Flame Wave               Conj/Fire      0%         2d4       98%         4
 Sticky Flame             Conj/Fire      0%         2d3       98%         4


Dungeon Overview and Level Annotations

Branches:
Dungeon (2/15)

Altars:
Xom


Innate Abilities, Weirdness & Mutations

You are a hulking beast.
Your limbs bulge with bestial killing power. (Slay +2)
You cannot wear most types of armour.
You are amphibious.
You can wear up to eight rings at the same time.
Your skin changes colour to match your surroundings (Stealth+).
Your rubbery body absorbs attacks. (AC +1, EV +1)
((You are camouflaged when in or above water. (Stealth+)))
You have tentacles for arms and can constrict up to eight enemies at once.


Message History

You now have 114 gold pieces (gained 17).
You completely miss the adder. Your grab misses the adder.
The adder bites you. x2
You are poisoned.
The adder poisons you!
You closely miss the adder. You grab the adder. You squeeze the adder.
The adder is heavily wounded.
You constrict the adder.
You feel sick. The adder barely misses you.
You tentacle-slap the adder.
You kill the adder!
You feel sick.
You have reached level 4!
You feel sick.
You start resting.
You feel sick. x2
You are no longer poisoned.
You start resting.
HP restored.
Found 9 gold pieces.
You now have 115 gold pieces (gained 1).
A gnoll comes into view. It is wielding a +0 flail.
Found 20 gold pieces. 2 gnolls come into view.
Found 8 gold pieces.
Found a club.
Found a stone staircase leading up.
You see here 9 gold pieces.
You now have 124 gold pieces (gained 9).
Found a scale mail.
The gnoll shouts!
The gnoll hits you from afar with a +0 spear.
The gnoll hits you with a +0 spear!
Found a scroll labelled ZAOKOA YTYUNONT.
The gnoll hits you with a +0 spear.
Okay, then.
As you read the scroll labelled ONOMEJ HUNAST, it crumbles to dust.
The creatures around you are filled with an inner flame!
It was a scroll of immolation.
The gnoll closely misses you. The gnoll completely misses you.
The gnoll barely misses you.
You barely miss the gnoll. Your grab misses the gnoll.
The gnoll closely misses you. The gnoll hits you with a +0 spear.
The gnoll hits you with a +0 flail!
You die...

.. .. #. .. ..
##...####<.)# #.
##.....#.....#
#..#...#........#
...##..#.$......##
.......$....#....###
#.....#hg....#.....##
......#gg....#.?....#
............##.....#####
........####.......[#...
.....#### ##...........
#.[.. ##.......... ...?
##......... ...
###...#... ... #...#...


You could see 3 gnolls.

Vanquished Creatures
  An adder (D:4)
  A worm (D:2)
  A dart slug (D:2)
  An orc (D:2)
  5 ball pythons
  7 endoplasms
  2 giant cockroaches (D:1)
  4 goblins
  4 hobgoblins
  4 jackals (D:1)
  3 bats
  5 frilled lizards
  2 kobolds (D:1)
  4 rats (D:1)
  A spectral goblin (D:1)
45 creatures vanquished.

Notes
Turn   | Place    | Note
-------+----------+-------------------------------------------
     0 | D:1      | BingusPrime the Octopode Shapeshifter began the quest for
                  | the Orb.
     0 | D:1      | Reached XP level 1. HP: 14/14 MP: 1/1
    65 | D:1      | Reached skill level 1 in Stealth
    66 | D:1      | Reached XP level 2. HP: 6/19 MP: 2/2
   314 | D:1      | Found a faded altar of an unknown god.
   425 | D:1      | Reached XP level 3. HP: 24/24 MP: 3/3
   862 | D:2      | Found a shimmering altar of Xom.
  1049 | D:2      | You fall into a shaft and drop 2 floors!
  1070 | D:4      | Reached XP level 4. HP: 21/30 MP: 4/4
  1136 | D:4      | Slain by a gnoll

Illustrated notes

Levels and vault maps discovered:
D:1:      scummos_arrival_star, layout_basic,
          dreamdust_ecumenical_altar_drowned_temple
D:2:      layout_rooms, basic_altar, minmay_bisected
D:4:      minmay_bubble_buster, layout_cave_pools, uniq_edmund

Skill      XL: |  1  2  3 |
---------------+----------+-----
Stealth        | 1 2 |  2.3
Fighting       | |  2.4
Dodging        | |  2.3
Unarmed Combat | |  2.8
Shapeshifting  | |  3.3

Action                     |  1- 3 |  4- 6 || total
---------------------------+-------+-------++-------
  Melee: Unarmed           |    91 |     1 ||    92
         Constrict         |    14 |       ||    14
         Tentacles         |    12 |       ||    12
         Punch             |     1 |       ||     1
    Use: Potion            |     1 |       ||     1
         Scroll            |       |     1 ||     1
   Stab: Sleeping          |     9 |       ||     9
 Armour: Skin              |    30 |       ||    30
  Dodge: Dodged            |    50 |     4 ||    54

Table legend: (Time is in decaauts)
 A = Elapsed time spent in this place.
 B = Non-inter-level travel time spent in this place.
 C = Inter-level travel time spent in this place.
 D = Time resting spent in this place.
 E = Time spent auto-exploring this place.
 F = Levels seen in this place.
 G = Mean time per level.
                   A        B        C        D        E       F      G
               +--------+--------+--------+--------+--------+-----+--------+
         Total |   1131 |   1109 |     22 |     44 |    784 |   3 |  377.0 |
       Dungeon |   1131 |   1109 |     22 |     44 |    784 |   3 |  377.0 |
               +--------+--------+--------+--------+--------+-----+--------+

Top non-repeatable levels by time:
     D:1: 626 daAuts
     D:2: 417 daAuts
     D:4: 86 daAuts
